AoeStats
← Bor-Komorov

Oasis

507593309Analyzed
3v3 RM · 14d ago on Sep 18, 2026· 15m 15s· 6 players
Game mode
Random Map
Map size
Normal (6 player)
Population
200
Speed
Normal
Resources
Standard
Victory
Conquest
Starting age
Dark Age
Ending age
Imperial Age
RankedLock teamsTeams togetherTeam positionsShared explorationLock speedFull tech treeHidden civsTurbo modeCheats
Victory
Defeat
🇨🇴 Britons · Colombia
1160
+16
🇨🇴 Vietnamese · Colombia
1150
+17
🇧🇷 Persians · Brazil
1117
+18
🇺🇸 Gurjaras · United States
1216
-18
🇺🇸 Wei · United States
1158
-17
🇲🇽 Slavs · Mexico
1131
-16
Tishomingo
9:01 Feudal Age
10:27 Loom
15:36 Castle Age
14:36 Double-Bit Axe
14:42 Gold Mining
Naco y Estúpido
9:23 Loom
Jersey_TitanX
6:11 Loom
10:44 Feudal Age
11:18 Double-Bit Axe
11:32 Horse Collar
Bor-Komorov
5:56 Loom
10:56 Feudal Age
15:03 Fletching
NobregaPF
10:52 Feudal Age
9:07 Loom
15:12 Castle Age
13:21 Double-Bit Axe
Volk
6:52 Loom
9:00 Feudal Age
9:53 Double-Bit Axe
14:45 Fletching
Connection lost

Rejoining the realm…

Still unreachable

The connection could not be restored.

Session expired

The server has moved on; the page needs a fresh start.